 Dungeon Crawl Stone Soup version 0.29.1-2-gbd0b4ee654 (webtiles) character file.

Game seed: 4168486582835684647

41 qeuew the Conjurer (level 3, -20/20 HPs)
             Began as a Tengu Conjurer on Nov 15, 2022.
             Was an Initiate of Dithmenos.
             Demolished by an ogre
             ... wielding a +0 giant club
              (23 damage)
             ... on level 2 of the Dungeon.
             The game lasted 00:01:43 (1413 turns).

qeuew the Conjurer (Tengu Conjurer)                 Turns: 1413, Time: 00:01:43

Health: -20/20     AC:  5    Str:  9    XL:     3   Next: 52%
Magic:  14/16      EV: 10    Int: 18    God:    Dithmenos [......]
Gold:   82         SH:  0    Dex: 12    Spells: 3/6 levels left

rFire   . . .      SeeInvis .   (no weapon)
rCold   . . .      Faith    .   (no shield)
rNeg    + . .      Spirit   .   f - +0 ring mail
rPois   .          Reflect  .   (helmet restricted)
rElec   .          Harm     .   (no cloak)
rCorr   .          Rampage  .   (no gloves)
Will    .....                   (boots unavailable)
Stlth   +.........              (no amulet)
HPRegen 0.06/turn               c - ring of magical power
MPRegen 0.15/turn               d - ring of positive energy

@: flying
A: beak, talons 3
a: Renounce Religion


You were on level 2 of the Dungeon.
You worshipped Dithmenos.
Dithmenos was noncommittal.
You visited 1 branch of the dungeon, and saw 2 of its levels.

You collected 82 gold pieces.

Inventory:

Armour
 f - a +0 ring mail (worn)
Jewellery
 c - a ring of magical power (left hand)
 d - a ring of positive energy (right hand)
Scrolls
 a - a scroll of poison {unknown}
 e - a scroll of magic mapping {unknown}
Potions
 b - a potion of magic


   Skills:
 + Level 0.6 Fighting
 + Level 0.7 Armour
 + Level 2.7 Dodging
 + Level 2.5 Stealth
 + Level 2.3 Spellcasting
 + Level 5.6 Conjurations


You had 3 spell levels left.
You knew the following spells:

 Your Spells              Type           Power      Damage    Failure   Level
a - Magic Dart            Conj           88%        1d7       4%          1
b - Searing Ray           Conj           44%        2d6       8%          2

Your spell library contained the following spells:

 Spells                   Type           Power      Damage    Failure   Level
 Shock                    Conj/Air       48%        1d6       16%         1
 Dazzling Flash           Conj/Hex       24%        N/A       43%         3
 Swiftness                Air            2%         N/A       82%         3
 Fulminant Prism          Conj/Hex       6%         3d7       83%         4
 Iskenderun's Mystic Bla  Conj/Tloc      12%        2d5       83%         4
 Airstrike                Air            1%         2d(1-17)  99%         4


Dungeon Overview and Level Annotations

Branches:
Dungeon (2/15)

Altars:
Dithmenos


Innate Abilities, Weirdness & Mutations

You have a beak for a mouth.
You have claws for feet.


Message History

The worm closely misses you.
A worm is nearby!
The magic dart hits the worm.
You kill the worm!
Dithmenos accepts your kill.
Key pressed, stopping explore.
You can't see any susceptible monsters within range! (Use Z to cast anyway.)
You can't see any susceptible monsters within range! (Use Z to cast anyway.)
You can't see any susceptible monsters within range! (Use Z to cast anyway.)
You can't see any susceptible monsters within range! (Use Z to cast anyway.)
Okay, then.
Your magical contamination has completely faded away.
An ogre comes into view. It is wielding a +0 giant club.
Found a glowing dagger.
The ogre shouts!
An ogre is nearby!
The magic dart hits the ogre.
The ogre is moderately wounded.
An ogre is nearby!
The magic dart hits the ogre.
The ogre is moderately wounded.
The magic dart hits the ogre.
The ogre is moderately wounded.
The ogre barely misses you. The ogre hits you with a +0 giant club!
Ouch! That really hurt!
* * * LOW HITPOINT WARNING * * *
There is a stone staircase leading down here.
Aiming: Magic Dart (safe; 4% risk of failure)
Press: ? - help, Q - select action, (/) - cycle Shift-Dir - straight line, f/p - ogre
Aim: an ogre, wielding a +0 giant club (moderately wounded, 100% to hit)
The magic dart hits the ogre.
The ogre is moderately wounded.
Unknown command.
It was a potion of flight.
You feel very buoyant.
You fly up into the air.
The ogre closely misses you.
The ogre hits you with a +0 giant club!!
Ouch! That really hurt!
You die...

##########
#........#
#........#
#........#
#........#
#.....@.<## ##
#....O....## ..
####..###..###.#
##># ##...#.#
#### #.# ###†#.#
...). #.# ##...#
......#.# #...##
......†.# #..#.#
####.##.#
#.##.###


You could see an ogre.

Vanquished Creatures
  2 worms (D:2)
  A dart slug (D:1)
  A ball python (D:1)
  2 endoplasms (D:1)
  A giant cockroach (D:1)
  2 goblins (D:1)
  2 hobgoblins
  4 jackals (D:2)
  A quokka (D:2)
  5 bats
  5 frilled lizards
  A kobold (D:1)
  5 rats
32 creatures vanquished.

Notes
Turn   | Place    | Note
-------+----------+-------------------------------------------
     0 | D:1      | qeuew the Tengu Conjurer began the quest for the Orb.
     0 | D:1      | Reached XP level 1. HP: 10/10 MP: 4/4
   180 | D:1      | Found a faded altar of an unknown god.
   229 | D:1      | Reached XP level 2. HP: 15/15 MP: 3/6
   232 | D:1      | Learned a level 2 spell: Searing Ray
   925 | D:2      | Found a shadowy altar of Dithmenos.
   966 | D:2      | Became a worshipper of Dithmenos the Shadowed
   996 | D:2      | Reached XP level 3. HP: 19/19 MP: 7/7
  1400 | D:2      | Noticed an ogre
  1413 | D:2      | Demolished by an ogre

Illustrated notes

Levels and vault maps discovered:
D:1:      lightli_arrival_chessboard, layout_basic, basic_ecumenical_altar,
          interstate_on_off, grunt_decor_cap
D:2:      layout_rooms, basic_altar, chequers_serial_rivers_room_b

Action                   || total
-------------------------++-------
Melee: Unarmed           ||     8
       Kick              ||     4
       Peck              ||     2
 Cast: Magic Dart        ||    70
  Use: Scroll            ||     2
       Potion            ||     1
Armor: Ring mail         ||     2
       Robe              ||     1
Dodge: Dodged            ||    12
